 Dungeon Crawl Stone Soup version 0.27-a0-1188-g73eefd5def (webtiles) character file.

Game seed: 13433180804218633414

1263 Froggeryz the Grappler (level 8, 0/42 HPs)
             Began as a Vine Stalker Berserker on May 21, 2021.
             Was a Priest of Trog.
             Succumbed to a gnoll sergeant's poison
             ... on level 4 of the Dungeon.
             The game lasted 00:05:51 (4598 turns).

Froggeryz the Grappler (Vine Stalker Berserker)     Turns: 4598, Time: 00:05:52

Health: 0/42       AC:  8    Str: 22    XL:     8   Next: 52%
Magic:  6/18       EV: 10    Int:  7    God:    Trog [***...]
Gold:   296        SH:  0    Dex: 14    Spells: 7/7 levels left

rFire    . . .     SeeInvis .     - Unarmed
rCold    . . .     Faith    .   (no shield)
rNeg     . . .     Spirit   +   t - +0 scale mail
rPois    .         Reflect  .   (no helmet)
rElec    .         Harm     .   (no cloak)
rCorr    .         Rampage  .   (no gloves)
Will     +....                  a - +1 pair of boots
Stlth    +.........             (no amulet)
HPRegen  1.14/turn              g - ring of magical power
MPRegen  0.16/turn              (no ring)

@: lethally poisoned (0 -> -6)
A: fangs 3, regeneration 1, magic shield, antimagic bite, no potion heal 2
a: Renounce Religion, Berserk, Trog's Hand


You were on level 4 of the Dungeon.
You worshipped Trog.
Trog was most pleased with you.
You visited 1 branch of the dungeon, and saw 6 of its levels.

You collected 296 gold pieces.

Inventory:

Missiles
 d - 5 curare-tipped darts
Armour
 a - a +1 pair of boots (worn)
 t - a +0 scale mail (worn)
Jewellery
 g - a ring of magical power (left hand)
Scrolls
 b - 5 scrolls of identify {unknown}
 e - 3 scrolls of enchant armour {unknown}
 k - a scroll of blinking {unknown}
 l - a scroll of amnesia {unknown}
 m - a scroll of silence {unknown}
 p - a scroll of noise {unknown}
 r - a scroll of enchant weapon {unknown}
 s - 3 scrolls of vulnerability {unknown}
Potions
 c - a potion of flight {unknown}
 f - 2 potions of curing {unknown}
 h - 3 potions of attraction {unknown}
 i - a potion of ambrosia {unknown}
 j - 2 potions of haste {unknown}
 o - a potion of berserk rage {unknown}
 q - 2 potions of invisibility {unknown}


   Skills:
 - Level 4.0 Fighting
 + Level 2.2 Armour
 - Level 1.5 Dodging
 - Level 2.0 Stealth
 * Level 9.6 Unarmed Combat


You had 7 spell levels left.
You didn't know any spells.
Your spell library was empty.

Dungeon Overview and Level Annotations

Branches:
Dungeon (6/15)             Temple (0/1) D:5

Altars:
Gozag
Okawaru

Shops:
D:3 [

Annotations:
D:4 3 runed translucent doors, Gilette's ghost, amateur HOFi; Morbidden's ghost, amateur DsHu


Innate Abilities, Weirdness & Mutations

You have razor-sharp teeth.
Your natural rate of healing is unusually fast.
When hurt, damage is shared between your health and your magic reserves.
Your bite disrupts and absorbs the magic of your enemies.
Potions cannot restore your health.


Message History

The gnoll is severely wounded.
The gnoll sergeant completely misses you.
You punch the gnoll!
You kill the gnoll!
Trog accepts your kill.
The gnoll sergeant hits you but does no damage.
The orc hits you but does no damage.
You punch the scorpion!
You bite the scorpion, but do no damage.
The scorpion is severely wounded.
The gnoll sergeant hits you from afar with a +1 spear of venom.
You are poisoned.
The orc hits you from afar with a +0 trident!
The scorpion closely misses you.
You closely miss the scorpion. You bite the scorpion.
You kill the scorpion!
Trog accepts your kill.
You feel very sick.
The gnoll sergeant hits you from afar with a +1 spear of venom!
You are more poisoned.
The orc hits you from afar with a +0 trident!
You feel very sick.
Okay, then.
Okay, then.
* * * LOW HITPOINT WARNING * * *
You feel very sick.
You feel very sick.
You feel very sick.
You feel very sick.
You feel sick.
You feel sick.
You feel sick.
There is a stone staircase leading up here.
You feel sick.
The gnoll sergeant hits you from afar with a +1 spear of venom.
* * * LOW HITPOINT WARNING * * *
You are lethally poisoned!
You climb upwards.
Level annotation: 3 runed translucent doors, Gilette's ghost, amateur HOFi; Morbidden's ghost, amateur DsHu You die...

#......# #......# #......#
#......# ####......##########
...###.............#
.....#............>##############
.....#...........................
.....#..........@................
...###...........................
...#.....##########..............
...'.....'....# #..............
...#.....#....# #..............
...#.....#....# #..............
####.....#'########..............
.........................##+##...
.........)...............#...+...


There were no monsters in sight!

Vanquished Creatures
  A black bear (D:6)
  An ice beast (D:5)
  A sky beast (D:6)
  2 necrophages
  A wolf (D:4)
  An ogre (D:4)
  2 gnoll sergeants (D:5)
  A scorpion (D:5)
  3 hounds
  An orc priest (D:6)
  2 gnoll shamans
  An iguana (D:4)
  2 orc wizards
  5 adders
  6 gnolls
  A worm (D:3)
  A dart slug (D:4)
  12 orcs
  11 bats
  8 endoplasms
  4 giant cockroaches
  6 hobgoblins
  8 jackals
  3 quokkas (D:1)
  7 ball pythons
  3 frilled lizards
  10 goblins
  2 kobolds
  6 rats
112 creatures vanquished.

Vanquished Creatures (others)
  A plant (D:2)
1 creature vanquished.

Grand Total: 113 creatures vanquished

Notes
Turn   | Place    | Note
-------+----------+-------------------------------------------
     0 | D:1      | Froggeryz the Vine Stalker Berserker began the quest for
                  | the Orb.
     0 | D:1      | Reached XP level 1. HP: 11/11 MP: 2/2
   354 | D:1      | Reached XP level 2. HP: 3/16 MP: 3/3
  1443 | D:1      | Reached XP level 3. HP: 16/19 MP: 4/4
  1486 | D:1      | Found a faded altar of an unknown god.
  1622 | D:2      | Noticed a necrophage
  1627 | D:2      | Killed a necrophage
  1628 | D:2      | Reached skill level 1 in Stealth
  1628 | D:2      | Reached skill level 5 in Unarmed Combat
  1628 | D:2      | Gained mutation: Your natural rate of healing is unusually
                  | fast. [Vine Stalker growth]
  1628 | D:2      | Reached XP level 4. HP: 23/23 MP: 3/5
  1867 | D:2      | Reached XP level 5. HP: 27/27 MP: 6/6
  2439 | D:3      | Reached ** piety under Trog
  2646 | D:3      | Found Vylait's Antique Armour Emporium.
  2887 | D:3      | You fall into a shaft and drop 3 floors!
  2911 | D:6      | Noticed a sky beast
  2929 | D:6      | Killed a sky beast
  2930 | D:6      | Reached skill level 6 in Unarmed Combat
  2930 | D:6      | Reached XP level 6. HP: 32/32 MP: 7/7
  2972 | D:6      | Found an opulent altar of Gozag.
  2973 | D:6      | Noticed a black bear
  2987 | D:6      | Killed a black bear
  2988 | D:6      | Reached skill level 7 in Unarmed Combat
  3062 | D:6      | Reached XP level 7. HP: 25/35 MP: 5/8
  3103 | D:5      | Entered Level 5 of the Dungeon
  3148 | D:5      | Found a staircase to the Ecumenical Temple.
  3532 | D:4      | Found a runed translucent gate.
  3550 | D:4      | Found a runed translucent gate.
  3550 | D:4      | Found a runed translucent gate.
  3577 | D:4      | Found an iron altar of Okawaru.
  3615 | D:4      | Reached *** piety under Trog
  3660 | D:4      | Reached skill level 8 in Unarmed Combat
  3966 | D:4      | Noticed Morbidden's ghost (amateur DsHu)
  3966 | D:4      | Noticed Gilette's ghost (amateur HOFi)
  4289 | D:5      | Gained mutation: You have razor-sharp teeth. [Vine Stalker
                  | growth]
  4289 | D:5      | Reached XP level 8. HP: 39/40 MP: 9/9
  4344 | D:5      | Reached skill level 9 in Unarmed Combat
  4597 | D:5      | HP: 2/42 [gnoll sergeant/+1 spear of venom (1)]
  4598 | D:4      | Succumbed to a gnoll sergeant's poison

Illustrated notes

Levels and vault maps discovered:
D:1:      minmay_arrival_doors, layout_loops_ring,
          hellmonk_ecumenical_altar_leap_of_faith
D:2:      layout_loops_ring, serial_forest, infiniplex_forest_clump_diagonal,
          infiniplex_forest_clump_small, infiniplex_forest_lined_2,
          infiniplex_forest_end_3, infiniplex_forest_clump_diagonal,
          infiniplex_forest_lined_room_2
D:3:      minmay_bubble_buster, layout_basic, serial_shops, shop,
          serial_bayou_pond_d
D:4:      layout_gridville, okawaru_metal_pillars_1_2, gammafunk_ghost_cemetery
D:5:      minmay_evil_eye, layout_cave_pools, kennysheep_slug_shrine,
          gammafunk_temple_overflow_elements, minmay_temple_entry_sparse_star,
          serial_gnoll_camp, gnoll_camp_huts_basic, gnoll_camp_mini_hut,
          gnoll_camp_mini_hut, gnoll_camp_mini_house, uniq_prince_ribbit1
D:6:      layout_basic, grunt_gozag_statues, kennysheep_path_1

Skill      XL: |  1  2  3  4  5  6  7  8 |
---------------+-------------------------+-----
Armour         | 2 |  2.2
Stealth        | 1 2 |  2.0
Unarmed Combat | 5 6 7 8 9 |  9.6
Fighting       | 3 4 |  4.0
Dodging        | |  1.5

Action                   |  1- 3 |  4- 6 |  7- 9 || total
-------------------------+-------+-------+-------++-------
Melee: Unarmed           |    82 |   146 |   114 ||   342
       Bite              |    19 |    37 |    36 ||    92
       Punch             |     2 |     1 |     4 ||     7
Invok: Berserk           |     1 |     2 |     2 ||     5
       Trog's Hand       |       |     1 |       ||     1
 Stab: Sleeping          |     1 |     6 |     2 ||     9
Armor: Animal skin       |    29 |    19 |       ||    48
       Leather armour    |       |    26 |    25 ||    51
       Scale mail        |       |       |     2 ||     2
Dodge: Dodged            |    68 |   109 |    46 ||   223

Table legend: (Time is in decaauts)
 A = Elapsed time spent in this place.
 B = Non-inter-level travel time spent in this place.
 C = Inter-level travel time spent in this place.
 D = Time resting spent in this place.
 E = Time spent auto-exploring this place.
 F = Levels seen in this place.
 G = Mean time per level.
                   A        B        C        D        E       F      G
               +--------+--------+--------+--------+--------+-----+--------+
         Total |   4616 |   4519 |     97 |    739 |   3016 |   6 |  769.3 |
       Dungeon |   4616 |   4519 |     97 |    739 |   3016 |   6 |  769.3 |
               +--------+--------+--------+--------+--------+-----+--------+

Top non-repeatable levels by time:
     D:1: 1569 daAuts
     D:4: 899 daAuts
     D:3: 872 daAuts
     D:2: 792 daAuts
     D:5: 264 daAuts
     D:6: 218 daAuts
